 Dungeon Crawl Stone Soup version 0.31.0-7-gf635a9b802 (webtiles) character file.

Game seed: 16537291497422105774

308849 Strat the Slayer (level 19, -20/112 (120) HPs)
             Began as a Vine Stalker Necromancer on Jan 23, 2024.
             Was the Champion of Ru.
             Demolished by a caustic shrike simulacrum (31 damage)
             ... led by a necromancer
             ... on level 2 of the Depths.
             The game lasted 01:40:13 (32161 turns).

Strat the Slayer (Vine Stalker Necromancer)        Turns: 32161, Time: 01:40:14

HP:   -20/112 (120) AC: 25    Str: 12    XL:     19   Next: 70%
MP:   0/23          EV: 34    Int: 18    God:    Ru [******]
Gold: 2808          SH:  0    Dex: 22    Spells: 15/22 levels left

rFire   + . .        b - +8 arc blade {discharge, rElec}
rCold   . . .        (shield unavailable)
rNeg    . . .        j - +4 ring mail of Qiatz {rF+ Slay+5}
rPois   +            R - +2 helmet {Int+3}
rElec   +            F - +2 cloak {rPois}
rCorr   +            m - +2 pair of gloves
SInv    .            o - +2 pair of boots
Will    +++..        r - amulet of the acrobat
Stlth   +++++++      (ring unavailable)
HPRegen 1.18/turn    T - ring "Nunwoc" {Will+ rCorr Slay+2}
MPRegen 0.18/turn

%: acrobat, guardian spirit
@: acrobatic, studying Hexes, drained
A: fangs 3, regeneration 1, magic shield, antimagic bite, no potion heal 2,
missing a hand, inability to use devices, inexperienced 1
}: 2/15 runes: decaying, serpentine
a: Renounce Religion, Draw Out Power, Power Leap, Apocalypse


You were on level 2 of the Depths.
You worshipped Ru.
Ru was exalted by your worship.
You visited 7 branches of the dungeon, and saw 36 of its levels.

You collected 3826 gold pieces.
You spent 1018 gold pieces at shops.

Inventory:

Hand Weapons
 a - a +5 vampiric rapier
 b - the +8 arc blade (weapon) {discharge, rElec}
   (You acquired it on level 4 of the Vaults)

   rElec:     It insulates you from electricity.
 u - a +0 demon blade
Missiles
 e - a throwing net
 B - 3 javelins (quivered)
Armour
 i - a scarf of shadows
 j - the +4 ring mail of Qiatz (worn) {rF+ Slay+5}
   (You found it on level 11 of the Dungeon)

   Slay+5:    It affects your accuracy & damage with ranged weapons and melee
   (+5).
   rF+:       It protects you from fire.
 m - a +2 pair of gloves (worn)
 o - a +2 pair of boots (worn)
 F - a +2 cloak of poison resistance (worn)
 R - a +2 helmet of intelligence (worn)
Jewellery
 h - a ring of wizardry
 r - an amulet of the acrobat (around neck)
 w - the ring of Geigeeqa {rElec rPois Will+ AC+4 Stlth-}
   (You found it on level 6 of the Dungeon)

   [ring of protection]

   AC+4:      It affects your AC (+4).
   rElec:     It insulates you from electricity.
   rPois:     It protects you from poison Will+: It increases your willpower.
   Stlth-:    It makes you less stealthy.
 x - a ring of see invisible
 J - a ring of fire
 M - a +6 ring of dexterity
 T - the ring "Nunwoc" (right hand) {Will+ rCorr Slay+2}
   (You found it on level 4 of the Vaults)

   [ring of willpower]

   Slay+2:    It affects your accuracy & damage with ranged weapons and melee
   (+2).
   Will+:     It increases your willpower.
   rCorr:     It protects you from acid and corrosion.
Scrolls
 c - 7 scrolls of vulnerability
 f - 11 scrolls of identify
 k - a scroll of fear
 l - 6 scrolls of amnesia
 y - a scroll of enchant armour
 C - 5 scrolls of blinking
 D - 12 scrolls of teleportation
 G - 4 scrolls of poison
 L - 2 scrolls of enchant weapon
 N - a scroll of summoning
 P - 2 scrolls of fog
 Q - 2 scrolls of immolation
 U - a scroll of brand weapon
Potions
 d - 14 potions of attraction
 n - 7 potions of heal wounds
 p - 7 potions of mutation
 q - 6 potions of lignification
 s - 4 potions of enlightenment
 t - 2 potions of might
 v - 3 potions of haste
 z - 10 potions of curing
 A - a potion of invisibility
 E - 2 potions of brilliance
 H - 4 potions of cancellation
 I - a potion of ambrosia
 K - 3 potions of berserk rage
 S - 2 potions of magic


   Skills:
 + Level 21.0 Fighting
 - Level 14.0 Short Blades
 + Level 10.5 Armour
 + Level 13.1 Dodging
 - Level 20.0 Stealth
 - Level 2.1 Spellcasting
 - Level 4.0 Necromancy
 - Level 5.0 Translocations


You had 15 spell levels left.
You knew the following spells:

 Your Spells              Type           Power      Damage    Failure   Level
a - Apportation           Tloc           38%        N/A       4%          1
b - Passage of Golubria   Tloc           19%        N/A       41%         4
c - Jinxbite              Hex            2%         N/A       45%         2

Your spell library contained the following spells:

 Spells                   Type           Power      Damage    Failure   Level
 Necrotise                Necr           64%        1d7       7%          1
 Lesser Beckoning         Tloc           38%        N/A       7%          2
 Sublimation of Blood     Necr           16%        N/A       10%         2
 Gell's Gravitas          Tloc           19%        N/A       13%         3
 Teleport Other           Tloc           19%        N/A       13%         3
 Kiss of Death            Conj/Necr      36%        2d8       16%         1
 Fugue of the Fallen      Necr           16%        N/A       21%         3
 Vampiric Draining        Necr           16%        2d7       21%         3
 Cigotuvi's Dreadful Rot  Necr/Alch/Air  12%        N/A       30%         2
 Sandblast                Erth           2%         2d4       34%         1
 Sting                    Conj/Alch      4%         1d3       34%         1
 Summon Small Mammal      Summ           4%         N/A       34%         1
 Manifold Assault         Tloc           19%        N/A       41%         4
 Call Imp                 Summ           2%         N/A       45%         2
 Ensorcelled Hibernation  Hex/Ice        2%         N/A       45%         2
 Mercury Vapours          Alch/Air       2%         N/A       45%         2
 Static Discharge         Conj/Air       2%         3-4/arc   45%         2
 Animate Dead             Necr           16%        N/A       54%         4
 Dispel Undead            Necr           16%        3d10      54%         4
 Confusing Touch          Hex            1%         N/A       71%         3
 Hailstorm                Conj/Ice       1%         3d5       71%         3
 Inner Flame              Hex/Fire       1%         N/A       71%         3
 Ozocubu's Armour         Ice            1%         N/A       71%         3
 Passwall                 Erth           1%         N/A       71%         3
 Stone Arrow              Conj/Erth      2%         3d7       71%         3
 Summon Ice Beast         Ice/Summ       1%         N/A       71%         3
 Tukima's Dance           Hex            1%         N/A       71%         3
 Vhi's Electric Charge    Tloc/Air       20%        N/A       77%         4
 Anguish                  Hex/Necr       4%         N/A       83%         4
 Curse of Agony           Necr           16%        N/A       88%         5
 Airstrike                Air            0%         2d(1-17)  98%         4
 Brom's Barrelling Bould  Conj/Erth      1%         2d3       98%         4
 Fulminant Prism          Conj/Alch      0%         3d5       98%         4
 Ignite Poison            Fire/Alch      1%         N/A       98%         4
 Leda's Liquefaction      Alch/Erth      0%         N/A       98%         4
 Olgreb's Toxic Radiance  Alch           1%         N/A       98%         4
 Summon Lightning Spire   Summ/Air       1%         N/A       98%         4
 Summon Forest            Summ/Tloc      5%         N/A       98%         5
 Arcjolt                  Conj/Air       0%         1d10      100%        5
 Freezing Cloud           Conj/Ice/Air   0%         6-21      100%        5
 Irradiate                Conj/Alch      0%         3d11      100%        5
 Lee's Rapid Deconstruct  Erth           0%         3d4*      100%        5
 Metabolic Englaciation   Hex/Ice        0%         N/A       100%        5
 Yara's Violent Unravell  Hex/Alch       0%         3d3       100%        5
 Bombard                  Conj/Erth      0%         9d1       100%        6
 Conjure Ball Lightning   Conj/Air       0%         3x3d6     100%        6
 Dispersal                Tloc           9%         N/A       100%        6
 Eringya's Noxious Bog    Alch           0%         4d6       100%        6
 Plasma Beam              Fire/Air       0%         2x1d10    100%        6
 Sculpt Simulacrum        Ice/Alch       0%         N/A       100%        6
 Enfeeble                 Hex            0%         N/A       100%        7
 Haunt                    Necr/Summ      4%         N/A       100%        7
 Summon Hydra             Summ           0%         N/A       100%        7
 Ignition                 Fire           0%         3d3       100%        8
 Infestation              Necr           8%         N/A       100%        8
 Maxwell's Capacitive Co  Air            0%         ∞         100%        8
 Death's Door             Necr           8%         N/A       100%        9


Dungeon Overview and Level Annotations

Branches:
Dungeon (15/15)            Temple (0/1) D:6            Lair (5/5) D:10
  Swamp (4/4) Lair:3        Snake (4/4) Lair:2        Slime (0/5) Lair:5
    Orc (2/2) D:10            Elf (0/3) Orc:2        Vaults (4/5) D:14
  Crypt (0/3) Vaults:2     Depths (2/4) D:15

Altars:
Ashenzari
Elyvilon
Gozag
Kikubaaqudgha
Makhleb
Nemelex Xobeh
Okawaru
Ru
Sif Muna
Trog
Zin
The Shining One
Jiyva

Shops:
D:7 (   D:10 ([   D:12 [   D:15 :   Orc:2 =:?[   Snake:4 =   Vaults:4 =:[
Depths:1 *

Portals:
Trove: D:14 (show abyssal rune of Zot)

Annotations:
D:3 3 runed translucent doors, qwertyuiopasd's ghost, weakling GnWn
D:8 1 runed translucent door
Lair:3 exclusion: oklob plant
Snake:3 Vashnia
Orc:2 2 runed translucent doors, Livid's ghost, adept OpSh
Depths:2 1 runed translucent door


Innate Abilities, Weirdness & Mutations

You have razor-sharp teeth.
Your natural rate of healing is unusually fast.
When hurt, damage is shared between your health and your magic reserves.
Your bite disrupts and absorbs the magic of your enemies.
Potions cannot restore your health.
You are missing a hand.
You cannot study or use magical devices.
You are somewhat inexperienced. (-1 XL)


Message History

The fire dragon is stunned by your conviction and fails to attack.
You hit the fire dragon but do no damage.
You bite the fire dragon! You drain its power.
The fire dragon is almost dead.
You impale the fire dragon!!
You kill the fire dragon!
Your Fighting skill increases to level 21!
You see here a fire dragon corpse.
Unknown command.
A caustic shrike simulacrum comes into view.
Found a robe.
A stone giant skeleton comes into view.
A necromancer comes into view. It is wielding a +0 dagger.
The necromancer shouts!
Found a stone staircase leading down.
A juggernaut skeleton comes into view.
You redirect the necromancer's attack!
The necromancer casts a spell at the juggernaut skeleton.
The juggernaut skeleton is unaffected.
The necromancer casts a spell at you. The bolt of negative energy hits you.
You feel drained.
You puncture the necromancer! You bite the necromancer!
The necromancer's magic leaks into the air.
You drain its magic.
You feel invigorated.
The necromancer is heavily wounded.
The stone giant skeleton closely misses you.
The juggernaut skeleton hits you!!!
* * * LOW HITPOINT WARNING * * *
You focus your inner power and paralyse the juggernaut skeleton in retribution!
The juggernaut skeleton closely misses you.
You miss the necromancer. You bite the necromancer!
You kill the necromancer!
The caustic shrike simulacrum claws you!!
* * * LOW HITPOINT WARNING * * *
The caustic shrike simulacrum freezes you!!!
* * * LOW HITPOINT WARNING * * *
The caustic shrike simulacrum claws you!!
* * * LOW HITPOINT WARNING * * *
The caustic shrike simulacrum freezes you!!
You die...

..#,,,,,,,,#.,*,,,,***
##*,,,,,,,,#.##,,..##
.#,,,,,,,,,#..#,,...*
.#,,,,,,,,##..###..,**#
####,,,,###.....#.#,,.#
#..#,,,##.....#...##.##
#..##..#......#.......#
...<##.....##.#ZZ.....#
#....#,#........@.....#
#†...#*#####....Z...>##
#....# #............##
##...# #........#####
,#...# #........#
*##..###....#####
##..#...### #..#..##
#.....#


You could see a caustic shrike simulacrum, a stone giant skeleton and a
juggernaut skeleton (paralysed).

Vanquished Creatures
  A dread lich (Vaults:4)
  An ancient lich (Vaults:4)
  A bone dragon (Vaults:2)
  5 liches
  The ghost of Zotwa the Champion of Chaos, an adept GnSk of Makhleb (Vaults:4)
  Rupert (D:14)
  Kirke (D:14)
  A thorn hunter (Swamp:4)
  A tengu reaver (Vaults:2)
  Aizul (Snake:3)
  A nagaraja (Snake:2)
  A frost giant (Depths:1)
  16 vault wardens
  An orc warlord (Vaults:3)
  3 formless jellyfish
  6 very ugly things (Depths:1)
  5 ironbound thunderhulks
  8 ironbound preservers
  4 stone giants
  Nessos (D:12)
  3 eleionomae
  2 dire elephants (Vaults:3)
  Snorg (D:14)
  4 fire dragons
  5 ettins
  5 yaktaur captains
  10 great orbs of eyes
  5 vault guards
  An ice dragon (Depths:1)
  A rakshasa (Depths:1)
  2 shambling mangroves (Swamp:4)
  Josephine (D:11)
  21 hydras
  4 salamander tyrants (Snake:4)
  An ogre mage (Vaults:4)
  Erolcha (Orc:1)
  Fannar (Lair:3)
  2 ghost crabs
  7 alligators
  12 ironbound frosthearts
  13 anacondas
  A merfolk aquamancer (D:13)
  5 boulder beetles
  11 centaur warriors
  7 two-headed ogres
  A deep troll shaman (Depths:1)
  2 tengu warriors (D:15)
  5 shock serpents
  6 naga sharpshooters
  2 deep troll earth magi (Depths:1)
  A vampire mage (Depths:1)
  3 naga warriors
  2 orc high priests (Orc:2)
  3 spriggan berserkers (Swamp:4)
  A fire crab (Lair:5)
  An iron troll (Depths:1)
  A deep elf knight (D:14)
  2 skysharks
  7 skeletal warriors
  Amaemon (D:11)
  Lodul (D:11)
  4 salamander mystics
  3 goliath frogs
  A spriggan druid (Swamp:3)
  41 deep trolls
  4 naga ritualists
  A tengu zombie (Vaults:2)
  5 bog bodies
  An arcanist (Vaults:4)
  10 mana vipers
  4 harpies (Vaults:2)
  An orc knight (D:14)
  Pikel (D:7)
  2 deep elf archers (D:14)
  13 swamp dragons
  16 ironbound convokers
  2 deep elf pyromancers (D:14)
  2 necromancers
  A deep elf zephyrmancer (Depths:1)
  An elf skeleton (Vaults:2)
  2 phantasmal warriors
  A harpy (shapeshifter) (D:14)
  7 lindwurms
  4 orc sorcerers (Orc:2)
  18 ugly things
  11 salamanders
  3 manticores
  Maurice (D:7)
  3 will-o-the-wisps
  A meliai (shapeshifter) (D:15)
  5 cyclopes
  3 meliai (D:13)
  A kobold blastminer (Orc:2)
  8 guardian serpents
  27 black mambas
  19 slime creatures
  19 vault sentinels
  12 elephants
  7 naga magi
  2 water nymphs (D:13)
  3 molten gargoyles (Lair:5)
  An orange demon (D:11)
  11 cane toads
  A gargoyle (D:10)
  17 komodo dragons
  2 kobold demonologists (D:13)
  An unseen horror (D:12)
  4 rime drakes
  A yaktaur (shapeshifter) (Vaults:4)
  39 yaktaurs
  A komodo dragon (shapeshifter) (D:15)
  2 polar bears
  2 trolls
  A tyrant leech (Swamp:2)
  11 hornets
  Prince Ribbit (D:7)
  31 blink frogs
  A centaur simulacrum (D:15)
  13 wraiths
  A shadow (D:11)
  An ettin skeleton (Vaults:2)
  65 yaks
  3 hogs (D:14)
  5 spriggans
  7 wyverns
  16 humans (D:14)
  6 steam dragons
  4 basilisks
  A fire bat (D:8)
  10 vampire mosquitoes
  2 glowing shapeshifter zombies (Vaults:2)
  6 swamp worms
  14 nagas
  5 acid dragons
  12 water moccasins
  4 hell hounds (Lair:5)
  11 swamp drakes
  A sky beast (D:5)
  An ice beast (D:15)
  14 orc warriors
  3 black bears
  12 ogres
  14 wolves
  6 boggarts
  2 laughing skulls (D:13)
  3 lemures (D:7)
  18 centaurs
  2 phantoms (D:5)
  4 kobold brigands
  14 bullfrogs
  3 scorpions
  A hornet simulacrum (D:15)
  12 killer bees
  7 electric eels
  4 lava snakes (Lair:5)
  5 hounds
  2 jellies
  2 bombardier beetles
  31 orc priests
  13 hell rats
  6 iguanas
  A sleepcap (D:7)
  38 orc wizards
  7 gnolls
  7 adders
  A shadow imp (D:7)
  5 white imps
  2 ufetubi
  A dart slug (D:1)
  52 orcs
  6 ball pythons
  14 bats
  5 endoplasms
  A giant cockroach (D:1)
  4 hobgoblins
  4 jackals (D:2)
  2 quokkas
  2 frilled lizards
  5 goblins
  23 kobolds
  4 rats
1172 creatures vanquished.

Vanquished Creatures (others)
  2 ironbound preservers
  A dire elephant (Vaults:2)
  4 hydras
  A yaktaur captain (Vaults:4)
  2 deep trolls (Vaults:1)
  A lindwurm (Snake:4)
  A harpy (Vaults:2)
  A cyclops (D:14)
  A black mamba (Snake:1)
  An elephant (Lair:5)
  2 cane toads (Lair:5)
  A tyrant leech (Swamp:1)
  A bloated husk (Swamp:2)
  2 hornets
  A yak (D:9)
  An ogre (D:11)
  A bombardier beetle (D:4)
  Crazy Yiuf (D:4)
  2 orc wizards (Orc:2)
  A ribbon worm (D:2)
  5 orcs
  A bat (D:2)
  A quokka (D:2)
  6 foxfires (Swamp:4)
41 creatures vanquished.

Grand Total: 1213 creatures vanquished

Notes
Turn   | Place    | Note
-------+----------+-------------------------------------------
     0 | D:1      | Strat the Vine Stalker Necromancer began the quest for the
                  | Orb.
     0 | D:1      | Reached XP level 1. HP: 9/9 MP: 4/4
   240 | D:1      | Reached XP level 2. HP: 13/14 MP: 4/6
   319 | D:1      | Reached skill level 1 in Fighting
   371 | D:1      | Found a faded altar of an unknown god.
   382 | D:1      | Prayed at the altar of an unknown god.
   382 | D:1      | Became a worshipper of Ru the Awakened
   383 | D:1      | Gained mutation: You are missing a hand. [Ru sacrifice]
   383 | D:1      | Reached * piety under Ru
   383 | D:1      | Reached ** piety under Ru
   383 | D:1      | Reached *** piety under Ru
  1050 | D:2      | Reached XP level 3. HP: 15/18 MP: 7/7
  1163 | D:2      | Reached skill level 1 in Short Blades
  1390 | D:2      | Reached XP level 4. HP: 23/23 MP: 8/8
  1670 | D:3      | Found a runed translucent gate.
  1671 | D:3      | Found a runed translucent gate.
  1672 | D:3      | Found a runed translucent gate.
  1681 | D:3      | Reached skill level 2 in Fighting
  1740 | D:3      | Noticed qwertyuiopasd's ghost (weakling GnWn)
  1875 | D:3      | Reached XP level 5. HP: 27/27 MP: 9/9
  2705 | D:4      | Reached skill level 5 in Stealth
  2717 | D:4      | Gained mutation: You are somewhat inexperienced. (-1 XL)
                  | [Ru sacrifice]
  2717 | D:4      | Reached XP level 4. HP: 23/23 MP: 8/8
  2717 | D:4      | Reached **** piety under Ru
  2827 | D:4      | Reached XP level 5. HP: 28/28 MP: 9/9
  2879 | D:4      | Found a runed translucent door.
  2880 | D:4      | Noticed Crazy Yiuf
  2887 | D:4      | Killed Crazy Yiuf
  2888 | D:4      | Reached skill level 3 in Fighting
  3384 | D:5      | Entered Level 5 of the Dungeon
  3504 | D:5      | Reached XP level 6. HP: 28/32 MP: 8/10
  3627 | D:5      | Reached skill level 4 in Fighting
  3821 | D:5      | Reached skill level 5 in Short Blades
  3919 | D:5      | Reached XP level 7. HP: 31/38 MP: 7/11
  4097 | D:6      | Identified the ring of Geigeeqa {rElec rPois Will+ AC+4
                  | Stlth-}
  4189 | D:6      | Found a staircase to the Ecumenical Temple.
  4215 | D:6      | Found a sparkling altar of Nemelex Xobeh.
  4215 | D:6      | Found a white marble altar of Elyvilon.
  4217 | D:6      | Found an opulent altar of Gozag.
  4426 | D:6      | Found a burning altar of Makhleb.
  4530 | D:6      | Identified the +0 leather armour of Hangman {rPois Dex+2}
  4609 | D:6      | Reached skill level 5 in Fighting
  4941 | D:7      | Noticed Maurice
  5022 | D:7      | Noticed Pikel
  5066 | D:7      | Killed Pikel
  5067 | D:7      | Gained mutation: You have razor-sharp teeth. [Vine Stalker
                  | growth]
  5067 | D:7      | Reached XP level 8. HP: 35/44 MP: 7/12
  5124 | D:7      | Gained mutation: You cannot study or use magical devices.
                  | [Ru sacrifice]
  5124 | D:7      | Reached ***** piety under Ru
  5124 | D:7      | Reached ****** piety under Ru
  5164 | D:7      | Noticed Prince Ribbit
  5337 | D:7      | Reached skill level 6 in Fighting
  5408 | D:7      | Killed Prince Ribbit
  5672 | D:7      | Found Ysop's Antique Weapon Shop.
  5766 | D:7      | Killed Maurice
  6029 | D:7      | Noticed a hornet
  6036 | D:7      | Paralysed by a hornet for 2 turns
  6045 | D:7      | Killed a hornet
  6088 | D:7      | Found a white marble altar of Elyvilon.
  6113 | D:7      | Reached skill level 7 in Fighting
  6113 | D:7      | Reached skill level 1 in Armour
  6407 | D:8      | Reached XP level 9. HP: 44/50 MP: 11/13
  6988 | D:8      | Found a shimmering blue altar of Sif Muna.
  7015 | D:8      | Found a runed translucent door.
  7027 | D:8      | Found a broken altar of Ashenzari.
  7039 | D:8      | Noticed a flayed ghost
  7050 | D:8      | Found a glowing golden altar of the Shining One.
  7068 | D:8      | Reached skill level 10 in Short Blades
  7074 | D:8      | Found a burning altar of Makhleb.
  7129 | D:8      | Found a white marble altar of Elyvilon.
  7172 | D:8      | Found a bloodstained altar of Trog.
  7862 | D:9      | Noticed a two-headed ogre
  8030 | D:9      | Killed a two-headed ogre
  8114 | D:9      | Reached skill level 8 in Fighting
  8297 | D:9      | Reached XP level 10. HP: 56/56 MP: 11/14
  8832 | D:10     | Entered Level 10 of the Dungeon
  8914 | D:10     | Found Osoboaf's Weapon Boutique.
  8914 | D:10     | Found a staircase to the Orcish Mines.
  8960 | D:10     | Found Viaxtuth's Armour Boutique.
  9934 | D:10     | Found a staircase to the Lair.
 10223 | Lair:1   | Entered Level 1 of the Lair of Beasts
 10249 | Orc:1    | Entered Level 1 of the Orcish Mines
 10249 | Orc:1    | Noticed Erolcha
 10282 | D:11     | Identified the +4 ring mail of Qiatz {rF+ Slay+5}
 10304 | D:11     | Noticed Amaemon
 10319 | D:11     | Noticed Lodul
 10322 | D:11     | Killed Lodul
 10326 | D:11     | Noticed a manticore
 10356 | D:11     | Killed a manticore
 10441 | D:11     | Reached skill level 9 in Fighting
 10441 | D:11     | Reached skill level 5 in Armour
 10466 | D:11     | Noticed a boulder beetle
 10481 | D:11     | Killed a boulder beetle
 10482 | D:11     | Reached XP level 11. HP: 62/62 MP: 15/15
 10644 | D:11     | You fall into a shaft and drop 3 floors!
 10652 | D:14     | Noticed an angel
 10652 | D:14     | Found a glowing silver altar of Zin.
 10656 | D:14     | Noticed a deep elf knight
 10674 | D:13     | Reached skill level 10 in Stealth
 10703 | D:13     | Noticed a merfolk aquamancer
 10711 | D:13     | Killed a merfolk aquamancer
 10715 | D:13     | Noticed a centaur warrior
 10759 | D:13     | Killed a centaur warrior
 10999 | D:11     | Noticed Josephine
 11002 | D:11     | Killed Josephine
 11206 | D:11     | Killed Amaemon
 11370 | D:12     | Found Xazon's Armour Boutique.
 11382 | D:12     | Bought a +2 helmet for 198 gold pieces
 11440 | D:12     | Noticed a two-headed ogre
 11720 | D:12     | Noticed Nessos
 11734 | D:12     | Killed Nessos
 11735 | D:12     | Reached skill level 10 in Fighting
 12047 | Lair:1   | Identified the +1 ring mail of the Vanishing Queens {Regen+
                  | Dex+3}
 12144 | Lair:1   | Reached XP level 12. HP: 56/67 MP: 16/16
 12269 | Lair:1   | Reached skill level 5 in Dodging
 13022 | Lair:2   | Found a staircase to the Snake Pit.
 13635 | Lair:3   | Identified the +0 chain mail of the Shouting Gods {rPois
                  | rF- rCorr Int+5}
 13962 | Lair:3   | Noticed Fannar
 13980 | Lair:3   | Killed Fannar
 14099 | Lair:3   | Found a staircase to the Swamp.
 14310 | Lair:3   | Got Buina's Writings on Forces
 14665 | Lair:4   | Identified the +3 plate armour of Zezxyr {Harm Rampage rC-
                  | SInv}
 14682 | Lair:4   | Reached XP level 13. HP: 72/72 MP: 17/17
 14689 | Lair:4   | Reached skill level 10 in Dodging
 15773 | Lair:5   | Entered Level 5 of the Lair of Beasts
 16213 | Lair:5   | Reached skill level 11 in Fighting
 16299 | Lair:5   | Found a staircase to the Slime Pits.
 16299 | Lair:5   | Found a viscous altar of Jiyva.
 16969 | Lair:5   | Found a large runed translucent door.
 17065 | Lair:5   | Found a large runed translucent door.
 17091 | Lair:5   | Reached XP level 14. HP: 58/76 MP: 18/18
 17519 | Orc:1    | Killed Erolcha
 17712 | Orc:1    | Found an iron altar of Okawaru.
 17942 | Orc:2    | Entered Level 2 of the Orcish Mines
 18080 | Orc:2    | Found a staircase to the Elven Halls.
 18086 | Orc:2    | Found a large runed translucent door.
 18086 | Orc:2    | Found a large runed translucent door.
 18149 | Orc:2    | Noticed Livid's ghost (adept OpSh)
 18149 | Orc:2    | Found the +7 sceptre of Torment {pain, torment}
 18444 | Orc:1    | You fall into a shaft and drop 1 floor!
 18561 | Orc:2    | Reached skill level 12 in Fighting
 18788 | Orc:2    | Found Warup's Magic Scroll Shop.
 18788 | Orc:2    | Found Pecauce's Antique Armour Shop.
 18789 | Orc:2    | Found Gibreos's Book Boutique.
 18793 | Orc:2    | Found Poahij's Jewellery Boutique.
 18796 | Orc:2    | Bought a scroll of teleportation for 45 gold pieces
 18796 | Orc:2    | Bought a scroll of blinking for 112 gold pieces
 18796 | Orc:2    | Bought a scroll of blinking for 112 gold pieces
 18796 | Orc:2    | Bought a scroll of brand weapon for 142 gold pieces
 18796 | Orc:2    | Bought a scroll of enchant weapon for 112 gold pieces
 19554 | D:14     | Noticed Rupert
 19554 | D:14     | Found a gate to the Vaults.
 19560 | D:14     | Killed Rupert
 19586 | D:14     | Noticed Kirke
 19690 | D:14     | Noticed Snorg
 19721 | D:14     | Killed Kirke
 20073 | D:14     | Killed Snorg
 20074 | D:14     | Reached skill level 15 in Stealth
 20140 | D:14     | Reached XP level 15. HP: 78/80 MP: 19/19
 20205 | D:14     | Found a portal to a secret trove of treasure.
 20223 | D:15     | Entered Level 15 of the Dungeon
 20329 | D:15     | Reached skill level 13 in Fighting
 20554 | D:15     | Found a shimmering blue altar of Sif Muna.
 20779 | D:15     | Found Xurem Pysu's Book Shoppe.
 20779 | D:15     | Noticed a walking frostbound tome
 20780 | D:15     | Noticed a walking divine tome
 21054 | D:15     | Found a staircase to the Depths.
 21329 | Snake:1  | Entered Level 1 of the Snake Pit
 21539 | Snake:2  | Noticed a nagaraja
 21567 | Snake:2  | Killed a nagaraja
 21591 | Snake:4  | Entered Level 4 of the Snake Pit
 21605 | Snake:4  | Reached skill level 10 in Armour
 21715 | Snake:4  | Found Tooh Sec's Jewellery Emporium.
 21797 | Snake:4  | Reached skill level 14 in Fighting
 22163 | Snake:4  | Reached skill level 15 in Fighting
 22251 | Snake:4  | Reached XP level 16. HP: 81/92 MP: 11/20
 22255 | Snake:4  | Got a jade gem with 1614 turns to spare
 22257 | Snake:4  | Got a serpentine rune of Zot
 22433 | Snake:3  | Noticed Vashnia
 22480 | Snake:3  | Identified the serpent talisman of the Spheres {+Blink rF-
                  | rC++}
 22480 | Snake:3  | Noticed Aizul
 22485 | Snake:3  | Killed Aizul
 22544 | Snake:3  | Reached skill level 16 in Fighting
 22668 | Snake:3  | Found a sacrificial altar of Ru.
 23848 | Swamp:1  | Entered Level 1 of the Swamp
 23882 | Swamp:1  | Reached skill level 17 in Fighting
 24200 | Swamp:4  | Entered Level 4 of the Swamp
 24387 | Swamp:4  | Reached skill level 18 in Fighting
 24548 | Swamp:4  | Reached XP level 17. HP: 95/102 MP: 19/21
 24600 | Swamp:4  | Got a mossy gem with 1139 turns to spare
 24602 | Swamp:4  | Got a decaying rune of Zot
 24847 | Swamp:2  | Reached skill level 19 in Fighting
 25055 | Vaults:1 | Entered Level 1 of the Vaults
 25154 | Vaults:1 | Learned a level 1 spell: Apportation
 25263 | Vaults:1 | Reached skill level 1 in Translocations
 27109 | Vaults:2 | Reached skill level 5 in Translocations
 27109 | Vaults:2 | Reached XP level 18. HP: 108/112 MP: 17/22
 27484 | Vaults:2 | Noticed a bone dragon
 27486 | Vaults:2 | Found a staircase to the Crypt.
 27502 | Vaults:2 | Killed a bone dragon
 28018 | Vaults:3 | Reached skill level 20 in Fighting
 28258 | Vaults:3 | Found a runed translucent door.
 28980 | Vaults:3 | Paralysed by a formless jellyfish for 1 turns
 29425 | Vaults:3 | Learned a level 4 spell: Passage of Golubria
 29428 | Vaults:3 | Learned a level 2 spell: Jinxbite
 29501 | Vaults:4 | Found Metel's Book Shop.
 29821 | Vaults:4 | Paralysed by a formless jellyfish for 1 turns
 29824 | Vaults:4 | Reached XP level 19. HP: 109/110 MP: 23/23
 29912 | Vaults:4 | Found Fiunann's Armour Shoppe.
 29920 | Vaults:4 | Bought a +1 helmet of intelligence for 297 gold pieces
 30188 | Vaults:4 | Found a runed translucent gate.
 30188 | Vaults:4 | Found a runed translucent gate.
 30188 | Vaults:4 | Found an ancient bone altar of Kikubaaqudgha.
 30188 | Vaults:4 | Noticed a dread lich
 30189 | Vaults:4 | Found a runed translucent gate.
 30189 | Vaults:4 | Noticed Zotwa's ghost (adept GnSk)
 30189 | Vaults:4 | Noticed an ancient lich
 30256 | Vaults:4 | Killed an ancient lich
 30338 | Vaults:4 | Found Fippoteava's Jewellery Shoppe.
 30629 | Vaults:4 | Identified a scroll of acquirement
 30629 | Vaults:4 | Acquired the +8 arc blade {discharge, rElec}
 30629 | Vaults:4 | Found the +8 arc blade {discharge, rElec}
 30854 | Vaults:4 | Killed a dread lich
 31117 | Vaults:4 | Killed Zotwa's ghost
 31121 | Vaults:4 | Identified the ring "Nunwoc" {Will+ rCorr Slay+2}
 31125 | Vaults:4 | Identified the +2 pair of boots of the Thistle {rPois rCorr
                  | Str-4 Int+4}
 31131 | Vaults:4 | Got Kikubaaqudgha's Compilation of Shades
 31430 | Depths:1 | Entered Level 1 of the Depths
 32084 | Depths:1 | Found Wudy's Assorted Antiques.
 32104 | Depths:2 | Found a runed translucent door.
 32134 | Depths:2 | Reached skill level 21 in Fighting
 32161 | Depths:2 | Demolished by a caustic shrike simulacrum

Illustrated notes

Levels and vault maps discovered:
D:1:      evilmike_arrival_rings, layout_loops_corners,
          nicolae_ecumenical_snake_handling
D:2:      layout_basic
D:3:      layout_loops_ring, gammafunk_ghost_split
D:4:      layout_cave_pods, uniq_crazy_yiuf_cottage
D:5:      layout_basic
D:6:      layout_gridville, makhleb_heckhound_becter,
          grunt_temple_overflow_open, minmay_temple_entry_crystal_x,
          hangedman_decor_clover_reticule
D:7:      layout_basic, kennysheep_diamond, nicolae_inconvenience_store,
          patterned_corridor, uniq_maurice, uniq_prince_ribbit1, uniq_pikel
D:8:      due_megacathedral, layout_basic, serial_bayou, serial_bayou_shore_a,
          serial_bayou_crossing, serial_bayou_lagoon_b, serial_bayou_lake_a,
          minmay_misc_feat_nine_boxes
D:9:      layout_rooms
D:10:     layout_basic, grunt_lair_entry_orc_guard_hut, orc_david_3
D:11:     layout_rooms, uniq_lodul, uniq_amaemon, uniq_josephine
D:12:     layout_cave_pools, serial_shops, nicolae_shop_scrapyard,
          nicolae_two_hexagons, hangedman_abyss_or_decor_lesser_grid,
          minmay_crystal_room, uniq_nessos
D:13:     layout_cave_pools, nicolae_splish_splash
D:14:     layout_rooms, david_vaults_3, enter_trove_5, zin_angel,
          serial_park_tiny_1, uniq_kirke, uniq_snorg
D:15:     grunt_enter_depths_snipers, layout_stronghold, serial_ice,
          serial_ice_k, serial_ice_o, serial_ice_h, serial_ice_a, serial_shops,
          nicolae_shop_mannequins, led_sif_pool
Lair:1:   layout_misc_corridors, grunt_megastairs_1, lemuel_fruit_fields,
          lemuel_fruit_fields, lemuel_fruit_tree
Lair:2:   layout_roguey, minmay_snake_entry_spellcaster
Lair:3:   layout_loops_ring, swamp_mist_pool, minivault_19, grunt_megastairs_3,
          uniq_fannar
Lair:4:   layout_regular_city, wad_woods_06, nicolae_lair_lindhole
Lair:5:   cheibrodos_lair_end_hotspot, layout_loops_ring, slime_entry_1,
          chequers_serial_rivers_small_b
Swamp:1:  layout_falls_marsh, gammafunk_ghost_split, evilmike_swamp_ruin_house_1
Swamp:2:  layout_falls_marsh, evilmike_swamp_ruin_house_6, uniq_nikola
Swamp:3:  layout_falls_marsh, nicolae_swamp_trees_clearing
Swamp:4:  swamp_basic_johnstein, layout_basic_swamp
Snake:1:  nicolae_snake_crotalidae_crossing, layout_cave_shapes,
          hellmonk_ghost_happy_afterlife
Snake:2:  layout_onion, serial_library_hellmonk_u_bend
Snake:3:  nrook_guardian_serpent_snake_passage, layout_rooms, basic_altar,
          uniq_aizul, uniq_vashnia
Snake:4:  snake_pit_salamanders_mu, layout_misc_corridors, serial_shops, shop,
          nicolae_shop_tiny_glass
Orc:1:    layout_diamond_mine, abandoned_shop, okawaru_metal_pillars_1_2,
          uniq_jorgrun, uniq_erolcha, uniq_harold
Orc:2:    st_orc_mages, layout_diamond_mine, ebering_ghost_disaster_area,
          uniq_rupert
Vaults:1: v_rooms_5, grunt_vaults_hallway_short, vaults_room_door_hall,
          hangedman_vaults_pinch, nicolae_vaults_apartment_1,
          nicolae_vaults_cornered_office, nicolae_vaults_oval_intersection,
          nicolae_vaults_little_squares_3, v_misc_9, nicolae_vaults_house_1,
          layout_vaults_omnigrid
Vaults:2: v_rooms_6, ontoclasm_vaults_pinch, ontoclasm_vaults_spin,
          nicolae_vaults_storage_closets_3, vaults_room_octagon,
          vaults_dpeg_spiral, ontoclasm_vaults_ligature, nicolae_vaults_house_3,
          minmay_crypt_entry_nasty_monster, nicolae_vaults_sesquioval_fish,
          vaults_dpeg_hooks, nicolae_vaults_yaktaur_gun_rack,
          layout_vaults_omnicross
Vaults:3: nicolae_vaults_house_2, nicolae_vaults_oozy_zoo,
          nicolae_vaults_apartment_1, nicolae_vaults_storage_room_glass,
          nicolae_vaults_stepped_doors, nicolae_vaults_circle_grid_b,
          nicolae_vaults_cornered_office, nicolae_vaults_disjoint_gnomons,
          nicolae_vaults_oval_intersection, nicolae_vaults_ring_of_whatevers,
          vaults_room_door_hall, v_rooms_3, v_misc_32,
          nicolae_vaults_little_squares_2, hangedman_vaults_impose,
          grunt_vaults_diagonal, layout_vaults_maze
Vaults:4: gammafunk_ghost_crypt, dpeg_vaults_waves, nicolae_vaults_octothorpe,
          v_pattern_3, vaults_room_semicircle, nicolae_vaults_closet_pinwheel_1,
          nicolae_vaults_little_squares_1, nicolae_vaults_closet_pinwheel_3,
          nicolae_vaults_double_plus_3, hangedman_vaults_snaps,
          layout_vaults_big_room, serial_shops, nicolae_shop_trees,
          nicolae_shop_temple_entry_statues_fountains, shop
Depths:1: layout_cave_pools, hellmouth_1, serial_magic_research,
          hangedman_research_probablistics, hangedman_research_toxicology,
          hangedman_research_thanatology, hangedman_research_thermodynamics,
          hangedman_research_convocations, minmay_misc_feat_plants,
          nicolae_take_the_stairs
Depths:2: minmay_the_grid_triangle_9x9_rhombus_thin
          [minmay_the_grid_triangle_9x9_subtriangle,
          minmay_the_grid_triangle_9x9_prize_insulated,
          minmay_the_grid_triangle_9x9_swiss_cheese,
          minmay_the_grid_triangle_9x9_corrupted_corridor], layout_honeycomb,
          hellmouth_3, pan_entry

Skill      XL: |  1  2  3  4  5  6  7  8  9 10 11 12 13 14 15 16 17 18 19 |
---------------+----------------------------------------------------------+-----
Stealth        | 3 4 5 7 9 10 12 15 16 17 19 20 | 20.0
Fighting       | 1 2 3 4 5 7 8 9 10 11 12 15 18 19 20 21 | 21.0
Short Blades   | 1 2 4 5 7 9 10 12 13 14 | 14.0
Armour         | 1 3 5 7 9 10 | 10.5
Dodging        | 4 9 10 12 13 | 13.1
Translocations | 5 |  5.0
Spellcasting   | |  2.1
Necromancy     | |  4.0

Action                     |  1- 3 |  4- 6 |  7- 9 | 10-12 | 13-15 | 16-18 | 19-21 || total
---------------------------+-------+-------+-------+-------+-------+-------+-------++-------
  Melee: Unarmed           |    21 |       |    14 |       |       |       |       ||    35
         Bite              |    39 |    72 |   169 |   411 |   585 |   800 |   148 ||  2224
         Club              |     2 |       |       |       |       |       |       ||     2
         Dagger            |   122 |    90 |       |       |       |       |       ||   212
         Rapier            |       |   160 |   494 |   948 |  1258 |  1527 |   272 ||  4659
 Invoke: Sacrifice a Hand  |     1 |       |       |       |       |       |       ||     1
         Sacrifice Experie |       |     1 |       |       |       |       |       ||     1
         Power Leap        |       |     1 |     2 |     4 |     2 |       |       ||     9
         Apocalypse        |       |       |     3 |     9 |    15 |    10 |     3 ||    40
         Sacrifice Artific |       |       |     1 |       |       |       |       ||     1
    Use: Potion            |     1 |       |     1 |       |     2 |     1 |       ||     5
         Scroll            |       |     8 |     4 |    11 |    13 |     3 |    10 ||    49
   Stab: Sleeping          |     5 |     4 |     4 |     6 |     9 |    35 |     5 ||    68
         Distracted        |     1 |       |     1 |     3 |    15 |    22 |     1 ||    43
         Invisible         |       |     1 |     2 |     4 |     7 |    12 |     2 ||    28
         Paralysed         |       |     1 |     2 |     7 |    11 |    15 |     4 ||    40
 Armour: Robe              |    16 |       |       |       |       |       |       ||    16
         Ring mail         |    60 |   147 |   284 |   286 |   467 |   789 |   180 ||  2213
         Skin              |       |       |    12 |       |       |       |       ||    12
         Acid dragon scale |       |       |    14 |   137 |       |       |       ||   151
  Dodge: Dodged            |    63 |   106 |   305 |   385 |   616 |   855 |   123 ||  2453
